 Dungeon Crawl Stone Soup version 0.17-a0-1393-gcb420ff (webtiles) character file.

70 bal the Insei (level 4, -2/24 HPs)
             Began as a Vine Stalker Monk on June 16, 2015.
             Slain by Sigmund
             ... wielding a +1 scythe of venom
              (7 damage)
             ... on level 2 of the Dungeon.
             The game lasted 00:05:08 (1499 turns).

bal the Insei (Vine Stalker Monk)                   Turns: 1499, Time: 00:05:08

Health: -2/24      AC:  2    Str: 13    XL:     4   Next: 22%
Magic:  0/5        EV: 13    Int: 10    God:
Gold:   97         SH:  0    Dex: 18    Spells: 0 memorised, 3 levels left

rFire  . . .     SeeInvis .       - Unarmed
rCold  . . .     Clarity  .     a - +0 robe
rNeg   . . .     SustAt   .     (no shield)
rPois  .         Gourm    .     (no helmet)
rElec  .         Spirit   +     (no cloak)
rCorr  .         Warding  .     (no gloves)
rMut   .         Stasis   .     (no boots)
MR     .....                    (no amulet)
Stlth  +++.......               (no ring)
                                (no ring)

@: lethally poisoned (-2 -> -8), not resistant to hostile enchantments, fairly
stealthy
A: fangs 2, regeneration 1, magic shield, antimagic bite, no device heal 3, rot
immunity
a: no special abilities


You were on level 2 of the Dungeon.
You were not hungry.

You visited 1 branch of the dungeon, and saw 2 of its levels.

You collected 97 gold pieces.

Inventory:

Armour
 a - a +0 robe (worn)
Jewellery
 e - an uncursed amulet of the gourmand {unknown}
 l - an uncursed ring of protection from fire {unknown}
Scrolls
 c - a scroll of fog {unknown}
 d - a scroll of recharging {unknown}
 f - a scroll of magic mapping {unknown}
 h - a scroll of enchant armour {unknown}
 i - a scroll of identify {unknown}
 k - a scroll of amnesia {unknown}
 m - 2 scrolls of fear {unknown}
Potions
 j - a potion of cure mutation
Comestibles
 b - 4 bread rations
 g - 5 fruits
 o - a chunk of flesh


   Skills:
 + Level 3.1 Fighting
 + Level 2.9 Dodging
 + Level 3.4 Stealth
 + Level 4.4 Unarmed Combat


You had 3 spell levels left.
You didn't know any spells.

Dungeon Overview and Level Annotations

Branches:
Dungeon (2/15)

Altars:

Annotations:
D:2 Sigmund


Innate Abilities, Weirdness & Mutations

You have extremely sharp teeth.
Your natural rate of healing is unusually fast.
When hurt, damage is shared between your health and your magic reserves.
Your bite disrupts and absorbs the magic of your enemies.
Potions and wands cannot restore your health.
You are immune to rotting.


Message History

You punch Sigmund!
Sigmund is moderately wounded.
You hit Sigmund but do no damage. Your bite misses Sigmund.
Sigmund is moderately wounded.
Sigmund completely misses you.
You closely miss Sigmund. You bite Sigmund.
Sigmund's magic leaks into the air.
You drain his magic.
You feel invigorated.
Sigmund is moderately wounded.
Sigmund hits you with a scythe of venom!
You are lethally poisoned!
You hit Sigmund but do no damage.
Sigmund is moderately wounded.
* * * LOW HITPOINT WARNING * * *
You feel sick.
You hit Sigmund. Your bite misses Sigmund.
Sigmund is heavily wounded.
* * * LOW HITPOINT WARNING * * *
You feel sick.
Sigmund hits you with a scythe of venom!
You die...

#. ##.....## #.
##...## ##$## ##+##
...# #####.# #...
...#.# #..# #.#.##
#..#### #....##
#.....# #.....#
#@@##.###....##
#..##.......)######
....######.##.......
###.........#########
###########


You could see Sigmund.

Vanquished Creatures
  3 adders (D:2)
  An ooze (D:1)
  3 worms (D:2)
  3 bats
  A giant cockroach (D:1)
  3 hobgoblins
  7 jackals
  3 giant newts (D:1)
  4 goblins
  3 kobolds (D:1)
  3 rats (D:1)
34 creatures vanquished.

Notes
Turn   | Place    | Note
--------------------------------------------------------------
     0 | D:1      | bal the Vine Stalker Monk began the quest for the Orb.
     0 | D:1      | Reached XP level 1. HP: 11/11 MP: 2/2
   256 | D:1      | Reached XP level 2. HP: 16/16 MP: 3/3
   941 | D:2      | Reached XP level 3. HP: 4/19 MP: 1/4
  1192 | D:2      | Reached XP level 4. HP: 21/24 MP: 5/5
  1490 | D:2      | Noticed Sigmund
  1499 | D:2      | Slain by Sigmund

Vault maps used:
D:1:      lemuel_arrival_funnel, minmay_door_square, minivault_14
D:2:      grunt_ministairs_11, minmay_strange_pillars, hex_medium, uniq_sigmund

Action                   |  1- 3 |  4- 6 || total
-------------------------+-------+-------++-------
Melee: Unarmed           |    94 |    21 ||   115
  Use: Potion            |     5 |       ||     5
 Stab: Sleeping          |     7 |       ||     7
  Eat: Chunk             |     1 |     1 ||     2
